Map: Inside and Out

Players

Elazer - Winner!

  • Race: Zerg Zerg
  • Spawn Location: 1:00

MaNa

  • Race: Protoss Protoss
  • Spawn Location: 7:00

Event: DreamHack SC2 Masters 2022 Atlanta (Offline)

VOD

Have the link to the VOD?

Description

Time

  • Played on: Nov. 18, 2022, 2:32 p.m.
  • Length: 24:06

All games in this series

Show
View Real Time Build Order
Export as new Build Order

Elazer Zerg - Winner!

Build Orders: Hatch First, Lurkers 

Get SALT Encoding   

  12  0:00  Drone  
  13  0:11  Overlord  
  13  0:16  Drone  
  14  0:30  Drone x2  
  16  0:48  Drone  
  17  0:52  Hatchery  
  17  0:55  Drone  
  17  0:57  Drone  
  18  1:11  Extractor  
  18  1:13  Spawning Pool  
  18  1:17  Drone  
  17  1:20  Drone  
  18  1:28  Drone  
  19  1:38  Drone  
  20  1:49  Overlord  
  20  2:01  Queen  
  22  2:04  Zergling x2, Queen, Drone  
  26  2:12  Drone  
  26  2:13  Metabolic Boost  
  27  2:16  Drone  
  27  2:21  Zergling x2  
  29  2:27  Drone  
  30  2:32  Drone  
  30  2:36  Drone  
  32  2:41  Queen  
  34  2:45  Overlord  
  34  2:47  Drone  
  35  2:55  Hatchery  
  34  3:00  Queen  
  34  3:05  Zergling x2  
  37  3:06  Zergling x2  
  38  3:13  Drone x4  
  42  3:20  Queen  
  42  3:22  Overlord  
  42  3:26  Overlord  
  42  3:34  Drone x3  
  42  3:40  Spore Crawler  
  42  3:41  Drone  
  42  3:43  Queen  
  42  3:46  Drone  
  46  3:51  Drone x3  
  46  3:53  Drone  
  46  3:55  Drone  
  51  3:58  Overlord  
  51  4:08  Drone x4  
  54  4:10  Drone  
  54  4:15  Spore Crawler, Drone x3  
  57  4:22  Overlord  
  57  4:27  Drone x2  
  57  4:28  Queen  
  61  4:33  Drone x2  
  61  4:36  Drone x2  
  61  4:38  Zergling x2  
  66  4:43  Zergling x2  
  66  4:44  Overlord  
  67  4:48  Extractor  
  67  4:49  Roach Warren  
  66  4:52  Drone  
  66  4:54  Overlord  
  66  4:57  Drone  
  65  5:06  Drone x8  
  66  5:17  Drone  
  66  5:18  Drone x2  
  66  5:23  Drone x4  
  66  5:25  Drone x3  
  66  5:26  Drone x5  
  78  5:38  Extractor  
  78  5:40  Zergling x6  
  78  5:41  Extractor  
  79  5:46  Overlord  
  79  5:48  Zergling x2  
  79  5:49  Zergling x4  
  81  5:55  Drone  
  81  5:56  Overlord  
  82  6:01  Lair  
  82  6:04  Hatchery  
  81  6:05  Drone  
  81  6:10  Drone  
  84  6:11  Drone  
  84  6:12  Drone  
  84  6:14  Zergling x14, Evolution Chamber  
  91  6:19  Queen  
  91  6:20  Overlord  
  92  6:29  Hatchery  
  92  6:31  Drone x6  
  97  6:36  Overlord  
  97  6:42  Overlord x2  
  97  6:43  Zerg Melee Weapons Level 1  
  97  6:44  Zergling x10  
  102  6:54  Overlord  
  102  6:55  Zergling x10  
  107  7:03  Glial Reconstitution, Overlord  
  107  7:07  Overlord  
  107  7:12  Roach  
  107  7:13  Roach x6  
  121  7:17  Baneling Nest  
  121  7:22  Overlord  
  120  7:23  Overlord  
  126  7:31  Roach  
  126  7:32  Roach x6  
  126  7:36  Roach x4  
  141  7:46  Drone x4, Extractor  
  141  7:47  Drone x3  
  141  7:48  Ravager  
  141  7:49  Roach x6  
  141  7:50  Roach  
  162  8:00  Spore Crawler  
  162  8:01  Roach x6  
  173  8:05  Centrifugal Hooks  
  173  8:14  Zergling x18  
  182  8:21  Overlord  
  181  8:31  Drone  
  181  8:32  Overlord  
  181  8:36  Evolution Chamber  
  181  8:37  Drone x2  
  181  8:38  Zerg Melee Weapons Level 2  
  181  8:39  Pneumatized Carapace  
  181  8:40  Overseer  
  182  8:41  Drone x8  
  182  8:45  Overlord, Extractor  
  182  8:46  Overlord  
  189  8:54  Overlord  
  189  9:00  Drone  
  189  9:01  Drone, Spine Crawler  
  189  9:02  Drone, Spine Crawler x2  
  189  9:03  Drone  
  189  9:04  Overlord  
  189  9:05  Drone  
  189  9:06  Spore Crawler, Drone x2  
  189  9:08  Spine Crawler  
  189  9:09  Drone x4  
  194  9:12  Spine Crawler x2  
  194  9:13  Drone, Spine Crawler x2  
  194  9:14  Spine Crawler x2  
  189  9:21  Zergling x2  
  189  9:22  Zergling x18  
  198  9:32  Zerg Missile Weapons Level 1  
  195  9:45  Infestation Pit  
  193  9:47  Drone x5, Spine Crawler  
  193  9:49  Zergling x2  
  193  9:50  Zergling x4  
  193  9:51  Spine Crawler  
  199  9:56  Hatchery  
  199  9:57  Baneling x20  
  199  9:58  Baneling x6  
  197  10:13  Hydralisk Den  
  190  10:21  Zergling x58  
  188  10:29  Zergling x14  
  188  10:32  Hive  
  190  10:40  Zergling x10  
  199  10:44  Lurker Den  
  199  10:46  Baneling x16  
  199  10:47  Ravager  
  199  10:51  Ravager x5  
  199  10:54  Baneling  
  199  10:55  Baneling x3  
  190  11:07  Roach x11  
  170  11:14  Roach x3  
  170  11:15  Roach x3  
  155  11:28  Drone x8  
  155  11:29  Drone  
  162  11:36  Ravager x2  
  164  11:41  Drone x2  
  164  11:42  Drone x3  
  164  11:44  Drone  
  164  11:45  Drone x2  
  164  11:46  Viper  
  173  11:56  Spine Crawler x2  
  173  11:58  Spine Crawler  
  173  12:00  Seismic Spines, Extractor  
  169  12:03  Overseer  
  169  12:12  Hydralisk x3  
  174  12:16  Hydralisk  
  174  12:18  Overlord  
  174  12:20  Extractor  
  174  12:21  Extractor  
  173  12:24  Zergling x16  
  173  12:29  Overseer, Hydralisk x3  
  187  12:39  Lurker  
  188  12:44  Lurker  
  188  13:12  Lurker x2  
  188  13:13  Lurker x3  
  188  13:20  Drone x7  
  188  13:21  Drone, Extractor x2  
  188  13:26  Drone x6, Spine Crawler  
  188  13:27  Drone x2  
  199  13:28  Spine Crawler x3  
  199  13:30  Spine Crawler  
  199  13:31  Drone, Spine Crawler x2  
  199  13:32  Drone x2, Spine Crawler x4  
  199  13:33  Spine Crawler  
  192  13:34  Adaptive Talons, Zerg Missile Weapons Level 2  
  192  13:36  Hydralisk x3  
  198  13:48  Overseer  
  198  13:53  Hydralisk  
  200  13:58  Zerg Ground Armor Level 1  
  200  14:03  Overseer  
  200  14:12  Spine Crawler x2  
  200  14:13  Spine Crawler  
  193  14:41  Spine Crawler x2  
  193  14:42  Spine Crawler x2  
  181  14:49  Lurker x3  
  182  14:54  Viper x2  
  175  15:20  Roach x9  
  198  15:32  Lair  
  171  15:39  Roach x3  
  171  15:40  Roach x14  
  164  15:59  Roach x3  
  158  16:12  Hatchery  
  122  16:28  Hydralisk x5  
  122  16:30  Hydralisk  
  122  16:31  Grooved Spines, Hydralisk x2  
  135  16:37  Hatchery  
  133  16:44  Hatchery  
  133  16:45  Hatchery  
  131  16:50  Hydralisk  
  133  16:54  Queen  
  133  17:04  Hatchery  
  132  17:10  Lurker Den  
  128  17:23  Hydralisk x3  
  117  17:44  Hydralisk  
  117  17:45  Hydralisk  
  121  18:11  Lurker x2  
  121  18:12  Lurker x3  
  126  18:13  Muscular Augments, Hatchery  
  126  18:18  Hydralisk x8  
  139  18:26  Hydralisk  
  139  18:27  Hydralisk  
  141  18:35  Drone  
  142  18:50  Drone x5  
  143  19:06  Hydralisk  
  143  19:07  Hydralisk x6  
  157  19:16  Drone x2, Extractor  
  157  19:17  Drone x5, Extractor  
  160  19:18  Drone  
  160  19:42  Hydralisk x6  
  170  19:58  Hydralisk x4  
  121  20:21  Hydralisk x6  
  121  20:27  Drone x4  
  110  20:36  Hydralisk x2  
  114  20:44  Extractor  
  114  20:48  Hive  
  113  20:50  Drone x3  
  113  20:51  Drone  
  113  20:54  Drone  
  112  21:12  Roach Warren  
  111  21:20  Overseer  
  111  21:37  Hatchery  
  100  21:52  Roach x9  
  118  21:58  Roach x3  
  124  22:05  Hydralisk  
  126  22:09  Viper  
  126  22:13  Viper  
  132  22:19  Viper  
  135  22:31  Lurker x3  
  138  22:40  Drone x5  
  143  22:44  Lurker  
  143  22:45  Lurker  
  145  23:01  Hydralisk  
  147  23:09  Hydralisk  
  147  23:10  Hydralisk x2  
  153  23:21  Lurker x6  
  153  23:23  Lurker  
  153  23:25  Lurker  
  161  23:33  Lurker x2  
Show
View Real Time Build Order
Export as new Build Order

MaNa Protoss 

Build Orders: 1 Gate Expand, Oracle Opening 

Get SALT Encoding   

  12  0:00  Probe  
  13  0:12  Probe  
  14  0:21  Pylon  
  14  0:24  Probe  
  15  0:39  Probe (Chrono Boost)  
  16  0:44  Gateway  
  16  0:48  Probe (Chrono Boost)  
  17  0:50  Assimilator  
  17  0:53  Probe (Chrono Boost)  
  18  1:05  Probe (Chrono Boost)  
  19  1:13  Probe (Chrono Boost)  
  20  1:19  Probe  
  21  1:31  Nexus  
  21  1:42  Cybernetics Core  
  21  1:45  Probe  
  22  1:53  Assimilator  
  22  1:56  Pylon  
  22  1:59  Probe  
  23  2:14  Probe  
  24  2:16  Adept (Chrono Boost)  
  24  2:19  Stargate  
  26  2:26  Probe  
  27  2:30  Warp Gate  
  27  2:38  Adept (Chrono Boost), Probe  
  30  2:44  Probe  
  30  2:50  Probe  
  32  2:56  Probe  
  33  2:59  Adept (Chrono Boost)  
  33  3:02  Probe  
  40  3:08  Void Ray (Chrono Boost), Probe  
  41  3:15  Probe  
  41  3:17  Pylon  
  42  3:26  Probe, Gateway  
  44  3:27  Probe  
  44  3:38  Probe  
  44  3:39  Probe  
  42  3:42  Oracle (Chrono Boost)  
  45  3:50  Probe  
  45  3:51  Probe  
  47  4:02  Nexus, Probe  
  48  4:03  Probe  
  48  4:04  Pylon  
  48  4:09  Oracle (Chrono Boost)  
  49  4:14  Probe  
  49  4:15  Probe  
  54  4:21  Pylon  
  54  4:22  Adept x2  
  58  4:26  Probe  
  58  4:29  Twilight Council  
  58  4:30  Probe  
  60  4:38  Probe  
  60  4:42  Probe  
  60  4:43  Shield Battery  
  60  4:45  Forge  
  62  4:50  Probe  
  63  4:54  Probe  
  64  5:02  Probe  
  64  5:06  Probe  
  66  5:15  Protoss Ground Weapons Level 1 (Chrono Boost)  
  66  5:17  Probe x2  
  66  5:19  Blink  
  61  5:22  Probe (Chrono Boost)  
  58  5:29  Probe (Chrono Boost)  
  58  5:30  Gateway  
  58  5:31  Gateway  
  58  5:32  Probe (Chrono Boost)  
  58  5:33  Gateway  
  58  5:34  Probe (Chrono Boost), Gateway  
  61  5:37  Assimilator  
  61  5:40  Probe (Chrono Boost), Gateway  
  61  5:41  Gateway  
  61  5:42  Robotics Facility, Probe (Chrono Boost)  
  63  5:43  Adept  
  63  5:45  Probe x2 (Chrono Boost)  
  67  5:50  Probe  
  67  5:55  Probe, Assimilator  
  69  5:57  Assimilator  
  69  5:58  Gateway  
  69  6:00  Gateway  
  69  6:04  Probe, Assimilator  
  69  6:08  Stalker x2  
  74  6:14  Shield Battery  
  74  6:20  Pylon  
  74  6:29  Robotics Bay  
  74  6:31  Robotics Facility  
  74  6:34  Probe, Stalker  
  74  6:36  Immortal (Chrono Boost), Probe  
  74  6:37  Probe  
  83  6:45  Zealot x4  
  83  6:46  Probe  
  92  6:52  Probe, Pylon  
  93  6:55  Pylon  
  93  7:01  Pylon  
  93  7:03  Pylon  
  93  7:10  Warp Prism  
  95  7:15  Sentry  
  95  7:16  Sentry x3  
  95  7:17  Sentry  
  95  7:18  Sentry  
  107  7:26  Zealot x4  
  107  7:28  Colossus (Chrono Boost)  
  121  7:33  Protoss Ground Weapons Level 2 (Chrono Boost)  
  121  7:36  Nexus  
  121  7:41  Pylon  
  121  7:53  Photon Cannon  
  121  7:54  Charge  
  121  7:56  Colossus (Chrono Boost)  
  121  8:05  Photon Cannon  
  127  8:06  Shield Battery  
  127  8:08  Extended Thermal Lance  
  127  8:18  Stalker x3  
  133  8:30  Pylon  
  130  8:39  Photon Cannon, Stalker  
  132  8:42  Pylon  
  132  8:45  Colossus (Chrono Boost)  
  144  8:49  Colossus (Chrono Boost)  
  144  8:55  Zealot x2  
  148  8:59  Gateway  
  148  9:01  Gateway  
  148  9:02  Probe x3  
  151  9:03  Gateway  
  151  9:05  Templar Archives  
  151  9:09  Stalker x2  
  155  9:15  Shield Battery  
  155  9:24  Probe x2  
  157  9:25  Assimilator  
  155  9:32  Assimilator  
  155  9:34  Observer (Chrono Boost)  
  155  9:36  Pylon  
  153  9:40  Zealot x5  
  153  9:45  High Templar x2  
  163  9:48  Archon, Pylon  
  163  9:49  Pylon  
  163  9:51  Pylon  
  163  9:58  Photon Cannon  
  163  10:00  High Templar  
  163  10:01  High Templar x3  
  163  10:05  Archon  
  163  10:06  Archon  
  171  10:15  Stalker x2  
  171  10:16  Stalker x5  
  171  10:19  Stalker x2  
  181  10:35  Observer, Pylon  
  181  10:38  Pylon  
  181  10:49  Zealot  
  183  10:50  Zealot x2, Gateway  
  185  11:00  Zealot x5  
  185  11:01  Zealot x3  
  159  11:15  Zealot x3  
  159  11:18  Immortal (Chrono Boost)  
  149  11:25  Immortal (Chrono Boost)  
  135  11:34  Psionic Storm  
  135  11:38  Probe x3  
  132  11:41  Protoss Ground Weapons Level 3 (Chrono Boost)  
  118  11:48  Immortal (Chrono Boost)  
  118  11:49  High Templar x5  
  118  11:50  High Templar  
  118  12:08  Immortal  
  118  12:11  Nexus  
  118  12:13  Stalker x2  
  118  12:15  Probe (Chrono Boost)  
  118  12:16  Probe (Chrono Boost)  
  118  12:21  Probe (Chrono Boost)  
  114  12:27  Probe (Chrono Boost)  
  114  12:28  Probe (Chrono Boost)  
  114  12:29  Probe (Chrono Boost)  
  117  12:34  High Templar x2  
  117  12:35  High Templar x4  
  117  12:37  Probe (Chrono Boost)  
  129  12:38  Archon, Probe (Chrono Boost)  
  129  12:39  Archon, Probe  
  129  12:40  Archon  
  132  12:45  Probe  
  132  12:46  Probe  
  134  12:59  Immortal (Chrono Boost)  
  136  13:10  Immortal (Chrono Boost)  
  136  13:16  Zealot x4  
  136  13:18  High Templar x4  
  152  13:22  Archon x2  
  152  13:23  Probe x2  
  154  13:29  Nexus  
  154  13:40  Observer (Chrono Boost)  
  155  13:50  High Templar x4  
  155  13:52  Warp Prism (Chrono Boost)  
  155  13:53  Warp Prism (Chrono Boost), Pylon  
  155  13:54  Archon  
  155  13:55  Archon  
  165  14:02  Zealot x2  
  171  14:04  High Templar  
  171  14:08  Observer  
  167  14:38  Void Ray (Chrono Boost)  
  170  14:41  Zealot x6  
  173  14:51  Observer x2  
  162  15:00  Observer  
  154  15:12  Observer  
  156  15:16  Stalker x5  
  142  15:59  Void Ray (Chrono Boost)  
  114  16:49  Void Ray (Chrono Boost)  
  110  17:13  Observer (Chrono Boost)  
  115  17:17  Void Ray  
  100  17:40  High Templar x2  
  104  17:56  Nexus  
  104  17:59  Assimilator  
  104  18:00  Assimilator  
  100  18:14  Observer  
  100  18:16  Zealot x4  
  107  18:20  Cybernetics Core  
  107  18:30  Observer  
  100  19:05  Zealot x4  
  110  19:22  Void Ray  
  110  19:25  Nexus  
  110  19:30  Zealot  
  111  19:47  Zealot x2  
  111  19:48  Zealot  
  103  20:20  Archon  
  59  20:34  Zealot x4  
  55  20:36  Observer  
  55  20:38  Void Ray  
  55  20:53  Zealot x3  
  55  20:54  Zealot  
  60  21:23  High Templar x4  
  68  21:28  Observer  
  67  21:48  Observer  
  66  22:33  Observer  
  66  22:44  Nexus  
  66  22:52  Observer  
  66  22:57  Pylon  
  66  23:07  Probe  
  66  23:25  Assimilator  
  66  23:38  Observer  
  66  23:43  Assimilator  
Tags
 
Add a new tag
Caveats
  • Supply blocks, unpowered buildings, or Contaminate may cause inaccurate times.
  • Supply counts are checked every 10 seconds.